 Dungeon Crawl Stone Soup version 0.30-b1-2-g02819fbbbe (webtiles) character file.

Game seed: 7897191757876905074

1580290 seren the Impregnable (level 26, 245/245 HPs)
             Began as an Armataur Fighter on Jan 4, 2024.
             Was the Champion of the Shining One.
             Escaped with the Orb
             ... and 3 runes on Jan 5, 2024!
             The game lasted 06:01:32 (78730 turns).

seren the Impregnable (Armataur Fighter)           Turns: 78730, Time: 06:01:33

Health: 245/245    AC: 52    Str: 33      XL:     26   Next: 62%
Magic:  11/11      EV: 12    Int:  6 (11) God:    the Shining One [******]
Gold:   7876       SH: 25    Dex: 12 (13) Spells: 34/35 levels left

rFire   + + +        b - +9 broad axe of Defiance {antimagic, rElec rN+}
rCold   . . .        i - +5 kite shield {rF+}
rNeg    + + +        z - +9 crystal plate armour "Ymuk" {Regen+ Str+3 Slay-4 Stlth+}
rPois   +            p - -2 hat of the Alchemist {rElec rPois rF+ rC+ rN+ Will+ rMut rCorr}
rElec   +            o - +2 cloak
rCorr   +            B - +0 pair of gloves of Laph {rF+ Stlth+}
SInv    .            f - +4 barding of Dynnycukh {rPois Str+2 Stlth+}
Will    +++..        e - amulet of reflection Stlth
                     y - ring of willpower
HPRegen 1.40/turn    l - +5 ring of evasion
MPRegen 0.12/turn

%: reflection, resist mutation, roll
@: glowing, studying 2 skills
A: large, rugged brown scales 3, deformed body, armoured tail, roll, long
tongue, awkward tongue, cold vulnerability 1
0: Orb of Zot
}: 3/15 runes: serpentine, barnacled, silver
a: Renounce Religion, Divine Shield, Cleansing Flame, Summon Divine Warrior


You escaped.
You worshipped the Shining One.
The Shining One was exalted by your worship.
You visited 12 branches of the dungeon, and saw 52 of its levels.
You visited the Abyss 2 times.
You also visited: Trove, Gauntlet and Wizlab.

You collected 11546 gold pieces.
You spent 3670 gold pieces at shops.

Inventory:

Hand Weapons
 a - a +9 broad axe of holy wrath
 b - the +9 broad axe of Defiance (weapon) {antimagic, rElec rN+}
   (You found it on level 2 of the Lair of Beasts)

   rElec:     It insulates you from electricity.
   rN:        It protects you from negative energy.
 D - the +9 hand axe of Perversion {antimagic, Will+ SInv}
   (You took it off a merfolk siren on level 2 of the Shoals)

   SInv:      It lets you see invisible.
   Will:      It increases your willpower.
 E - the +8 whip "Snakebite" {venom, curare, rPois}
   (You found it on level 4 of the Dungeon)

   rPois:     It protects you from poison.
Missiles
 u - 150 poisoned darts
 F - 9 silver boomerangs
 H - 48 boomerangs
 P - 7 throwing nets (quivered)
Armour
 f - the +4 barding of Dynnycukh (worn) {rPois Str+2 Stlth+}
   (You found it in a treasure trove)

   Str:       It affects your strength (+2).
   rPois:     It protects you from poison.
   Stlth:     It makes you more stealthy.
 i - a +5 kite shield of fire resistance (worn)
 o - a +2 cloak (worn)
 p - the -2 hat of the Alchemist (worn) {rElec rPois rF+ rC+ rN+ Will+ rMut rCorr}
   (You found it in a wizard's laboratory)

   rF:        It protects you from fire.
   rC:        It protects you from cold.
   rElec:     It insulates you from electricity.
   rPois:     It protects you from poison.
   rN:        It protects you from negative energy.
   rCorr:     It protects you from acid and corrosion.
   rMut:      It protects you from mutation.
   Will:      It increases your willpower.
 r - a +5 kite shield of protection
 z - the +9 crystal plate armour "Ymuk" (worn) {Regen+ Str+3 Slay-4 Stlth+}
   (You acquired it on level 1 of the Lair of Beasts)

   Str:       It affects your strength (+3).
   Slay:      It affects your accuracy & damage with ranged weapons and melee
   (-4).
   Regen:     It increases your rate of health regeneration.
   Stlth:     It makes you more stealthy.
 B - the +0 pair of gloves of Laph (worn) {rF+ Stlth+}
   (You found it in a Gauntlet)

   rF:        It protects you from fire.
   Stlth:     It makes you more stealthy.
Jewellery
 e - an amulet of reflection (around neck)
 j - the ring of Joicoth {rN+ Str+4 Int+6}
   (You found it in a treasure trove)

   [ring of intelligence]

   Str:       It affects your strength (+4).
   Int:       It affects your intelligence (+6).
   rN:        It protects you from negative energy.
 l - a +5 ring of evasion (right hand)
 s - a ring of protection from cold
 y - a ring of willpower (left hand)
 I - a ring of flight
 M - the ring of Juan {Fly rF+ Str+2 SInv}
   (You took it off a deep elf death mage on level 3 of the Elven Halls)

   [ring of flight]

   Str:       It affects your strength (+2).
   rF:        It protects you from fire.
   SInv:      It lets you see invisible.
   Fly:       It grants you flight.
 V - the amulet of Bodily Harmony {Acrobat rC+ Str+3 Int+2 Dex+4}
   (You found it on level 14 of the Dungeon)

   [amulet of the acrobat]

   It increases your evasion while moving and waiting.
   Str:       It affects your strength (+3).
   Int:       It affects your intelligence (+2).
   Dex:       It affects your dexterity (+4).
   rC:        It protects you from cold.
 Y - a ring of resist corrosion
 Z - a ring of willpower
Wands
 m - a wand of digging (30)
 w - a wand of mindburst (62)
 A - a wand of light (42)
Scrolls
 c - a scroll of enchant armour
 h - 22 scrolls of teleportation
 v - 7 scrolls of fear
 C - 7 scrolls of magic mapping
 K - 8 scrolls of summoning
 L - 5 scrolls of silence
 N - 3 scrolls of fog
 Q - 14 scrolls of poison
 R - 9 scrolls of blinking
Potions
 g - 8 potions of cancellation
 k - 3 potions of haste
 q - 18 potions of mutation
 t - 9 potions of berserk rage
 x - 12 potions of flight
 J - 3 potions of might
 O - 3 potions of ambrosia
 S - 7 potions of resistance
 W - 7 potions of heal wounds
 X - 12 potions of curing
Miscellaneous
 d - a condenser vane
 n - a box of beasts
 T - a phial of floods
 U - a phantom mirror


   Skills:
 + Level 17.5 Fighting
 + Level 20.4(21.3) Axes
 - Level 12.0(18.3) Maces & Flails
 - Level 8.0 Throwing
 + Level 25.5 Armour
 - Level 10.0 Dodging
 - Level 21.0 Shields
 - Level 5.0 Spellcasting
 - Level 4.0 Translocations
 - Level 16.0 Invocations
 - Level 15.0 Evocations


You had 34 spell levels left.
You knew the following spells:

 Your Spells              Type           Power      Damage    Failure   Level
a - Apportation           Tloc           12%        N/A       34%         1

Your spell library contained the following spells:

 Spells                   Type           Power      Damage    Failure   Level
 Blink                    Tloc           12%        N/A       45%         2
 Lesser Beckoning         Tloc           12%        N/A       45%         2
 Gell's Gravitas          Tloc           6%         N/A       71%         3
 Teleport Other           Tloc           6%         N/A       71%         3
 Beastly Appendage        Tmut           2%         N/A       87%         1
 Freeze                   Ice            4%         1d3       87%         1
 Kiss of Death            Conj/Necr      4%         2d5       87%         1
 Necrotise                Necr           4%         1d4       87%         1
 Sandblast                Erth           2%         2d4       87%         1
 Slow                     Hex            4%         N/A       87%         1
 Sting                    Tmut/Pois      4%         1d3       87%         1
 Summon Small Mammal      Summ           4%         N/A       87%         1
 Portal Projectile        Hex/Tloc       6%         N/A       93%         3
 Vhi's Electric Charge    Tloc/Air       6%         N/A       93%         3
 Volatile Blastmotes      Fire/Tloc      6%         2d10      93%         3
 Passwall                 Tmut/Erth      0%         N/A       95%         2
 Poisonous Vapours        Pois/Air       2%         N/A       95%         2
 Scorch                   Fire           2%         2d5       95%         2
 Static Discharge         Conj/Air       2%         2-3/arc   95%         2
 Sublimation of Blood     Necr           1%         N/A       95%         2
 Wereblood                Tmut           1%         N/A       95%         2
 Manifold Assault         Tloc           6%         N/A       98%         4
 Passage of Golubria      Tloc           6%         N/A       98%         4
 Call Canine Familiar     Summ           1%         N/A       99%         3
 Confusing Touch          Hex            1%         N/A       99%         3
 Dazzling Flash           Conj/Hex       2%         N/A       99%         3
 Frozen Ramparts          Ice            2%         1d1       99%         3
 Hailstorm                Conj/Ice       1%         3d3       99%         3
 Ignite Poison            Fire/Tmut/Pois 1%         N/A       99%         3
 Inner Flame              Hex/Fire       1%         N/A       99%         3
 Mephitic Cloud           Conj/Pois/Air  1%         N/A       99%         3
 Ozocubu's Armour         Ice            1%         N/A       99%         3
 Spider Form              Tmut/Pois      1%         N/A       99%         3
 Stone Arrow              Conj/Erth      2%         3d7       99%         3
 Summon Guardian Golem    Hex/Summ       1%         N/A       99%         3
 Tukima's Dance           Hex            1%         N/A       99%         3
 Airstrike                Air            0%         2d(1-17)  100%        4
 Animate Armour           Summ/Erth      2%         N/A       100%        4
 Animate Dead             Necr           1%         N/A       100%        4
 Cause Fear               Hex            0%         N/A       100%        4
 Dispel Undead            Necr           1%         3d6       100%        4
 Flame Wave               Conj/Fire      1%         2d4       100%        4
 Ice Form                 Ice/Tmut       1%         N/A       100%        4
 Iskenderun's Mystic Bla  Conj/Tloc      3%         2d3       100%        4
 Leda's Liquefaction      Hex/Erth       0%         N/A       100%        4
 Olgreb's Toxic Radiance  Pois           1%         N/A       100%        4
 Petrify                  Tmut/Erth      1%         N/A       100%        4
 Sticky Flame             Conj/Fire      1%         2d3       100%        4
 Summon Lightning Spire   Summ/Air       1%         N/A       100%        4
 Agony                    Necr           1%         N/A       100%        5
 Alistair's Intoxication  Tmut/Pois      0%         N/A       100%        5
 Arcjolt                  Conj/Air       0%         1d10      100%        5
 Blade Hands              Tmut           0%         N/A       100%        5
 Borgnjor's Vile Clutch   Necr/Erth      0%         N/A       100%        5
 Irradiate                Conj/Tmut      0%         3d11      100%        5
 Lee's Rapid Deconstruct  Erth           0%         3d4*      100%        5
 Metabolic Englaciation   Hex/Ice        0%         N/A       100%        5
 Silence                  Hex/Air        0%         N/A       100%        5
 Summon Forest            Summ/Tloc      1%         N/A       100%        5
 Summon Mana Viper        Hex/Summ       1%         N/A       100%        5
 Yara's Violent Unravell  Hex/Tmut       0%         3d3       100%        5
 Conjure Ball Lightning   Conj/Air       0%         3x3d6     100%        6
 Death Channel            Necr           0%         N/A       100%        6
 Dispersal                Tloc           3%         N/A       100%        6
 Eringya's Noxious Bog    Tmut/Pois      0%         N/A       100%        6
 Iron Shot                Conj/Erth      0%         9d1       100%        6
 Plasma Beam              Fire/Air       0%         2x1d11    100%        6
 Simulacrum               Ice/Necr       0%         N/A       100%        6
 Starburst                Conj/Fire      0%         6d3       100%        6
 Statue Form              Tmut/Erth      0%         N/A       100%        6
 Summon Cactus Giant      Summ           0%         N/A       100%        6
 Dragon Form              Tmut           0%         N/A       100%        7
 Enfeeble                 Hex            0%         N/A       100%        7
 Haunt                    Necr/Summ      0%         N/A       100%        7
 Ozocubu's Refrigeration  Ice            0%         4d7       100%        7
 Storm Form               Tmut/Air       0%         N/A       100%        7
 Summon Hydra             Summ           0%         N/A       100%        7
 Discord                  Hex            0%         N/A       100%        8
 Disjunction              Tloc           3%         N/A       100%        8
 Ignition                 Fire           0%         3d3       100%        8
 Maxwell's Capacitive Co  Air            0%         ∞         100%        8
 Necromutation            Tmut/Necr      0%         N/A       100%        8
 Chain Lightning          Conj/Air       0%         2d1       100%        9
 Fire Storm               Conj/Fire      0%         6d1       100%        9
 Polar Vortex             Ice            0%         N/A       100%        9
 Shatter                  Erth           0%         3d5*      100%        9


Dungeon Overview and Level Annotations

Branches:
Dungeon (15/15)            Temple (1/1) D:6            Lair (5/5) D:9
 Shoals (4/4) Lair:2        Snake (4/4) Lair:3        Slime (0/5) Lair:5
    Orc (2/2) D:12            Elf (3/3) Orc:2        Vaults (5/5) D:13
  Crypt (3/3) Vaults:2       Tomb (0/3) Crypt:3      Depths (4/4) D:15
   Hell (visited)             Dis (0/7) Hell            Geh (0/7) Hell
    Coc (0/7) Hell            Tar (0/7) Hell            Zot (5/5) Depths:4
 WizLab (visited)         Gauntlet (visited)

Altars:
Ashenzari
Cheibriados
Dithmenos
Elyvilon
Fedhas
Gozag
Hepliaklqana
Kikubaaqudgha
Makhleb
Nemelex Xobeh
Okawaru
Qazlal
Ru
Sif Muna
Trog
Uskayaw
Vehumet
Wu Jian
Xom
Yredelemnul
Zin
The Shining One
Jiyva

Shops:
D:6 :   D:12 :   Orc:1 :   Orc:2 *[[(:   Elf:1 =?   Elf:3 =:=   Snake:1 [
Vaults:3 *   Zot:5 **   Depths:2 *   Depths:3 ?

Portals:
Hell: Depths:1 Depths:2 Depths:4
Abyss: Depths:2
Pandemonium: Depths:1 Depths:2
Ziggurat: Depths:4

Annotations:
D:9 1 exclusion
Snake:3 exclusion: downstairs
Vaults:4 exclusion: 2 downstairs
Depths:3 Parghit
Depths:4 exclusion: shining eye


Innate Abilities, Weirdness & Mutations

You are completely covered in rugged brown scales. (AC +3, +7% HP)
Armour fits poorly on your strangely shaped body.
You have a long armoured tail.
You roll when moving toward enemies. (Rampage)
Your long tongue fully drains potion bottles. (2x potion effects)
Your tongue gives you trouble enunciating. (1.5x scroll delay)
You are vulnerable to cold. (rC-)


Message History

Aiming: Dig
Press: ? - help, Shift-Dir - straight line A rock wall.
This square is lit by a halo and is covered in magical glow.
The rock shatters into small pieces.
You hit the fungus.
The fungus begins to die.
You tail-slap the fungus.
The fungus is lightly damaged.
You hit the fungus.
The fungus is lightly damaged.
You slash the fungus! You tail-slap the fungus!
The fungus is lightly damaged.
You slice the fungus!! You tail-slap the fungus!
The fungus is moderately damaged.
You hit the fungus.
The fungus is moderately damaged.
You slice the fungus!! You tail-slap the fungus!
The fungus is heavily damaged.
You slice the fungus!!
The fungus is heavily damaged.
A nearby fungus withers and dies.
You slash the plant!
The plant begins to die.
The plant is lightly damaged.
You hit the plant.
The plant is lightly damaged.
You open the plant like a pillowcase!!!
The plant is moderately damaged.
You hit the plant.
The plant is moderately damaged.
You slice the plant!!
The plant is heavily damaged.
You slash the plant! You tail-slap the plant!
The plant is heavily damaged.
You slash the plant!
The plant is severely damaged.
A nearby plant withers and dies.
There is a staircase leading out of the dungeon here.
Really quaff the potion of mutation?
Really drink that potion of mutation while resistant to mutation?
Okay, then.
You have escaped!

........######+###'#.#)####.#####
.######## #.~#~.#.#........... ##
#.~~~.#.#.....######
#.~8~.#.#...........
#######.....#.#.###...####
#.....#♣...♣#...###.#.#
########.....#P♣.♣P####......####
.†...........##..P## #.....>....
#########.####.#@#P# #......###.
.....#..#.###.#.♣.## ##.#.......
####.#..#....##♣#♣# ##..######.#
# #.#..###..# #....(......
####.#..##.#.# #.#..)...#.#
.....#.....#.# ###.#......#..
.)####.###.#.# ##[..#.........
.....#.......# #..#.#.######..
##...#####.########.##.#.###.....


There were no monsters in sight!

Vanquished Creatures
  3 dread liches
  An orb of fire (Zot:5)
  5 ancient liches (Zot:5)
  The ghost of sobakacece the Warrior, a veteran DsVM of Vehumet (Zot:5)
  Saint Roka (Vaults:1)
  3 Killer Klowns (Zot:5)
  Bai Suzhen (Snake:4)
  5 curse toes
  Margery (Vaults:2)
  Vashnia (Snake:2)
  3 golden dragons
  Geryon (Hell)
  A mutant beast (WizLab)
  the Enchantress (Depths:2)
  2 electric golems (Zot:5)
  A Brimstone Fiend (D:6)
  An Ice Fiend (Depths:4)
  7 tentacled monstrosities
  4 shard shrike skeletons (Crypt:3)
  2 liches
  2 deep elf blademasters (Elf:3)
  Mlioglotl (Shoals:2)
  19 Orb Guardians
  2 quicksilver dragons
  Murray (Hell)
  3 titans (Vaults:5)
  2 deep elf master archers (Elf:3)
  13 ancient champions
  An acid blob (Zot:5)
  10 sphinxes
  Gastronok (D:12)
  2 tentacled starspawn
  A kraken (Shoals:1)
  10 death cobs
  Polyphemus (Shoals:3)
  Frances (Snake:2)
  12 shadow dragons
  Kirke (Lair:5)
  9 storm dragons
  5 tengu reavers
  Donald (Vaults:3)
  2 revenants
  3 draconian monks
  Roxanne (Snake:4)
  6 draconian knights
  A fenstrider witch (Depths:2)
  The ghost of Stirner the Fighter, a journeyman DrIE of Gozag (Snake:1)
  The ghost of diceflayer the Unseen, a journeyman DsGl of Okawaru (Shoals:1)
  6 nagarajas
  9 deep elf sorcerers
  3 iron dragons
  2 draconian scorchers
  5 frost giants
  Louise (Shoals:3)
  6 fire giants
  3 balrugs (Hell)
  Aizul (Snake:2)
  9 vault wardens
  2 ghost moths (Zot:4)
  3 draconian shifters
  2 curse skulls
  2 draconian stormcallers
  5 ghouls
  3 deep elf elementalists
  3 draconian annihilators
  7 reapers
  7 spriggan defenders
  5 war gargoyles
  The ghost of Farlane the Severer, a journeyman HOMo of Beogh (D:13)
  An orc warlord (Vaults:3)
  14 stone giants
  5 caustic shrike skeletons (Crypt:3)
  18 ironbound preservers
  27 very ugly things
  2 juggernaut skeletons
  5 ironbound thunderhulks
  8 deep elf demonologists
  4 green draconians
  Nessos (D:12)
  A minotaur (Gauntlet)
  10 deep elf annihilators
  8 purple draconians
  16 vampire knights
  7 black draconians
  6 red draconians
  6 yellow draconians
  4 dire elephants
  10 spark wasps
  6 white draconians
  11 jiangshi
  An eidolon (Crypt:2)
  6 merfolk impalers
  2 merfolk javelineers (Shoals:4)
  A quicksilver dragon zombie (Crypt:1)
  A green death (Depths:1)
  Josephine (D:12)
  2 blizzard demons
  8 ettins
  The ghost of Gyijocsou the Covert, a journeyman GnEn (Lair:4)
  11 deep elf death magi
  8 crystal guardians
  12 fire dragons
  A great orb of eyes (shapeshifter) (Elf:3)
  9 deep elf high priests
  7 great orbs of eyes
  14 yaktaur captains
  Erolcha (Orc:1)
  12 ice dragons
  32 vault guards
  2 peacekeepers (Vaults:1)
  A hell beast (D:6)
  5 salamander tyrants
  5 rakshasas
  6 hydras
  9 ironbound frosthearts
  A spriggan skeleton (Crypt:3)
  2 fenstrider witch skeletons
  3 ogre magi
  2 catoblepae
  An alligator snapping turtle (Shoals:2)
  4 death knights
  2 spriggan air magi
  5 boulder beetles
  13 two-headed ogres
  6 centaur warriors
  An anaconda (Snake:2)
  4 merfolk aquamancers
  6 death yaks
  3 deep troll earth magi
  6 deep troll shamans
  2 hell hogs
  A satyr (Shoals:4)
  7 spriggan berserkers
  9 naga sharpshooters
  4 tengu warriors
  29 dancing weapons
  4 shock serpents
  Urug (D:12)
  12 vampire magi
  3 thrashing horrors
  14 sun demons
  4 orc high priests
  19 naga warriors
  Nergalle (D:12)
  Sonja (Lair:4)
  16 hell knights
  A storm dragon zombie (Vaults:4)
  A wretched star (Abyss:3)
  4 titan skeletons
  9 soul eaters
  20 deep elf knights
  5 skysharks
  7 iron trolls
  5 shadow wraiths
  4 sixfirhies
  7 salamander mystics
  A death drake (shapeshifter) (WizLab)
  28 skeletal warriors
  13 sea snakes
  Lodul (D:10)
  An anaconda zombie (Crypt:1)
  A glowing orange brain (shapeshifter) (Vaults:5)
  A swamp dragon (Snake:1)
  8 wizards
  A glowing orange brain (Depths:3)
  5 flayed ghosts
  An orange crystal statue (Depths:1)
  42 deep trolls
  A shadow dragon zombie (Vaults:4)
  A bog body (Crypt:2)
  2 obsidian statues
  15 ironbound convokers
  2 bunyip skeletons (Crypt:3)
  10 deep elf archers
  12 phantasmal warriors
  7 naga ritualists
  Pikel (D:7)
  28 deep elf pyromancers
  A golden dragon skeleton (Vaults:4)
  An anaconda skeleton (Crypt:3)
  33 deep elf zephyrmancers
  3 starcursed masses (Abyss:3)
  8 orc knights
  A harpy (shapeshifter) (WizLab)
  26 harpies
  10 lindwurms
  11 necromancers
  A jorogumo zombie (Crypt:1)
  An eleionoma zombie (Crypt:2)
  41 ugly things
  8 mana vipers
  3 iron dragon skeletons (Crypt:3)
  A salamander (shapeshifter) (WizLab)
  15 salamanders
  2 cyclopes
  8 manticores
  A manticore (shapeshifter) (WizLab)
  2 fire giant zombies
  6 orc sorcerers
  9 elephants
  8 fauns
  A stone giant zombie (Vaults:3)
  3 black mambas (shapeshifter) (WizLab)
  A moth of wrath (shapeshifter) (Vaults:5)
  16 moths of wrath
  A worldbinder (Abyss:3)
  12 vault sentinels
  9 merfolk sirens
  A dire elephant zombie (Crypt:1)
  9 water nymphs
  2 water nymphs (shapeshifter)
  An eye of devastation (shapeshifter) (Vaults:5)
  6 smoke demons
  5 guardian serpents
  2 rust devils
  26 black mambas
  A death yak zombie (Crypt:3)
  5 torpor snails (Lair:5)
  14 naga magi
  4 gargoyles
  3 unseen horrors
  11 cane toads
  A kobold demonologist (D:8)
  3 unseen horrors (shapeshifter) (WizLab)
  A rime drake (shapeshifter) (WizLab)
  2 rime drakes (Lair:2)
  4 freezing wraiths
  7 komodo dragons
  12 yaktaurs
  Psyche (D:12)
  A sea snake zombie (Crypt:2)
  2 ice devils (Hell)
  An unseen horror zombie (Crypt:2)
  An efreet (D:13)
  4 tengu conjurers
  An unseen horror skeleton (Crypt:1)
  2 red devils (Hell)
  17 merfolk
  A merfolk (shapeshifter) (WizLab)
  5 trolls
  2 meliai (shapeshifter)
  5 human skeletons
  A hellwing (Depths:2)
  2 meliai
  A hornet (shapeshifter) (WizLab)
  A queen bee (shapeshifter) (WizLab)
  A troll (shapeshifter) (WizLab)
  15 hornets
  A queen bee (D:13)
  A moth of wrath zombie (Crypt:3)
  10 polar bears
  A wind drake (shapeshifter) (WizLab)
  2 harpy skeletons
  A tarantella (shapeshifter) (WizLab)
  4 tyrant leeches (Lair:5)
  A guardian serpent zombie (Crypt:1)
  10 blink frogs
  A mana viper skeleton (Crypt:3)
  A raiju (shapeshifter) (WizLab)
  6 snapping turtles
  3 raiju (Lair:5)
  7 dream sheep
  4 wind drakes
  A centaur simulacrum (Crypt:1)
  2 ice dragon skeletons (Crypt:3)
  10 flying skulls
  A culicivora (shapeshifter) (WizLab)
  6 air elementals
  A shapeshifter (WizLab)
  A spriggan (shapeshifter) (WizLab)
  2 vampires
  An ettin skeleton (Crypt:1)
  3 shadows
  11 water elementals
  37 slime creatures
  6 wyverns
  An alligator skeleton (Crypt:3)
  6 spriggans
  2 elf skeletons
  A dire elephant simulacrum (Crypt:1)
  A human (shapeshifter) (WizLab)
  2 elf zombies (Vaults:4)
  6 basilisks
  6 wraiths
  36 yaks
  8 large abominations
  12 small abominations
  3 hogs (Lair:4)
  2 neqoxecs
  A black mamba skeleton (Crypt:1)
  2 fire bats (Abyss:3)
  4 fire elementals
  4 steam dragons
  19 vampire mosquitoes
  3 chaos spawn
  An iron golem (WizLab)
  52 nagas
  2 glowing shapeshifter zombies (Vaults:4)
  7 wargs
  An ogre zombie (Vaults:4)
  3 swamp worms (Gauntlet)
  An acid dragon (D:10)
  8 water moccasins
  2 water moccasins (shapeshifter)
  A hydra simulacrum (Crypt:1)
  A water nymph skeleton (Crypt:2)
  6 floating eyes
  12 hell hounds (Lair:5)
  A merfolk skeleton (Crypt:2)
  Duvessa (D:7)
  32 orc warriors
  A sky beast (D:6)
  2 ice beasts
  12 black bears
  8 boggarts
  An ettin simulacrum (Vaults:3)
  18 ogres
  28 wolves
  A lemure (D:7)
  A snapping turtle skeleton (Crypt:2)
  12 centaurs
  18 kobold brigands
  9 bullfrogs
  A bullfrog (shapeshifter) (Vaults:2)
  2 necrophages
  A naga simulacrum (Crypt:1)
  3 gnoll sergeants
  An earth elemental (Elf:3)
  10 scorpions
  A cyclops zombie (Crypt:1)
  25 wights
  Dowan (D:7)
  9 killer bees
  7 howler monkeys
  2 electric eels
  A crimson imp (D:12)
  4 hounds
  3 jellies
  24 orc priests
  3 sleepcaps
  2 centaur skeletons
  3 gnoll boudas
  3 iguanas (D:6)
  26 orc wizards
  3 human simulacra
  10 gnolls
  7 adders
  A shadow imp (Abyss:2)
  2 white imps
  2 worms
  An adder skeleton (Crypt:1)
  2 dart slugs
  89 orcs
  4 bats
  7 endoplasms
  A giant cockroach (D:4)
  14 goblins
  5 hobgoblins
  6 jackals
  27 kobolds
  2 quokkas
  5 ball pythons
  3 frilled lizards (D:2)
  A hobgoblin skeleton (Crypt:1)
  5 rats
  A rat skeleton (Crypt:2)
  2 creeping infernos (Hell)
  A fire vortex (Hell)
  A starspawn tentacle (Abyss:2)
  5 tentacles (Shoals:1)
2264 creatures vanquished.

Vanquished Creatures (collateral kills)
  An orb of fire (Zot:5)
  2 dread liches
  An ancient lich (Zot:5)
  Mara (Shoals:4)
  A golden dragon (Vaults:5)
  4 Orb Guardians (Zot:5)
  2 titans (Vaults:5)
  An ancient champion (Crypt:3)
  A sphinx (Vaults:5)
  3 vault wardens
  A draconian scorcher (Zot:5)
  A balrug (Depths:1)
  3 ironbound preservers
  A stone giant (Vaults:5)
  A very ugly thing (Vaults:5)
  A deep elf demonologist (Vaults:5)
  A deep elf annihilator (Vaults:5)
  3 dire elephants (Vaults:2)
  3 green deaths (Depths:1)
  A merfolk javelineer (Shoals:4)
  An eidolon (Crypt:3)
  The ghost of diceflayer the Warrior, a journeyman DsFi of Okawaru (D:14)
  A merfolk impaler (Shoals:4)
  An ettin (Vaults:5)
  A yaktaur captain (Vaults:2)
  10 vault guards
  A hell beast (Depths:1)
  An alligator snapping turtle (Shoals:4)
  An ironbound frostheart (Vaults:4)
  A merfolk aquamancer (Shoals:4)
  2 hell knights (Vaults:2)
  6 deep trolls
  A flayed ghost (D:14)
  2 phantasmal warriors (Vaults:5)
  2 necromancers
  An ironbound convoker (Vaults:5)
  A harpy (Shoals:4)
  A merfolk siren (Shoals:4)
  2 vault sentinels (Vaults:2)
  An orange demon (Zot:5)
  A yaktaur (D:15)
  An ice devil (Depths:1)
  A human skeleton (Vaults:5)
  2 merfolk (Shoals:4)
  A slime creature (D:15)
  2 water elementals (Shoals:4)
  A fire bat (shapeshifter) (Vaults:5)
  An orc warrior (Vaults:5)
  An ogre (D:15)
82 creatures vanquished.

Vanquished Creatures (others)
  A golden dragon (Zot:2)
  An Orb Guardian (Zot:5)
  2 draconian scorchers (Zot:2)
  2 draconian annihilators (Zot:2)
  A draconian shifter (Zot:2)
  2 green draconians (Zot:2)
  2 purple draconians (Zot:2)
  A yellow draconian (Zot:2)
  7 red draconians (Zot:2)
  A deep elf pyromancer (Elf:2)
  2 moths of wrath (Zot:2)
  A flying skull (Crypt:3)
  A floating eye (shapeshifter) (Elf:2)
  A creeping inferno (Hell)
  4 demonic plants (Gauntlet)
  A fire vortex (Hell)
  14 fungi
  139 plants
  8 starspawn tentacles
  20 tentacles (Shoals:1)
211 creatures vanquished.

Grand Total: 2557 creatures vanquished

Notes
Turn   | Place    | Note
-------+----------+-------------------------------------------
     0 | D:1      | seren the Armataur Fighter began the quest for the Orb.
     0 | D:1      | Reached XP level 1. HP: 19/19 MP: 1/1
   158 | D:1      | Found a faded altar of an unknown god.
   176 | D:1      | Prayed at the altar of an unknown god.
   176 | D:1      | Became a worshipper of the Shining One
   176 | D:1      | Reached * piety under the Shining One
   243 | D:1      | Reached XP level 2. HP: 26/26 MP: 2/2
  1025 | D:2      | Reached XP level 3. HP: 33/33 MP: 3/3
  1240 | D:2      | Reached skill level 4 in Armour
  1784 | D:3      | Reached XP level 4. HP: 28/40 MP: 4/4
  1845 | D:3      | You fall into a shaft and drop 3 floors!
  1847 | D:6      | Noticed a centaur
  1847 | D:6      | Reached ** piety under the Shining One
  1852 | D:6      | Killed a centaur
  1853 | D:6      | Reached skill level 1 in Invocations
  1853 | D:6      | Reached XP level 5. HP: 31/48 MP: 4/6
  2019 | D:6      | Noticed an ogre
  2029 | D:6      | Killed an ogre
  2030 | D:6      | Reached XP level 6. HP: 43/54 MP: 7/7
  2109 | D:5      | Entered Level 5 of the Dungeon
  2537 | D:4      | Reached skill level 5 in Armour
  2791 | D:4      | Reached XP level 7. HP: 62/62 MP: 8/8
  3387 | D:4      | Found the +8 whip "Snakebite" {venom, curare, rPois}
  3676 | D:5      | Reached skill level 5 in Shields
  3947 | D:5      | Found a burning altar of Makhleb.
  3948 | D:5      | Found a broken altar of Ashenzari.
  4194 | D:6      | Reached skill level 5 in Maces & Flails
  4299 | D:6      | Reached XP level 8. HP: 53/71 MP: 10/10
  4329 | D:6      | Reached skill level 6 in Armour
  4702 | D:6      | Found a staircase to the Ecumenical Temple.
  4776 | D:6      | Reached skill level 5 in Fighting
  4932 | D:6      | Reached *** piety under the Shining One
  4944 | D:6      | Reached XP level 9. HP: 65/79 MP: 10/12
  5017 | Temple   | Entered the Ecumenical Temple
  5447 | D:6      | Found Xungao's Book Emporium.
  5693 | D:7      | Noticed Duvessa
  5706 | D:7      | Killed Duvessa
  5835 | D:7      | Noticed Pikel
  5860 | D:7      | Reached skill level 7 in Armour
  5867 | D:7      | Killed Pikel
  6093 | D:7      | Noticed Dowan
  6095 | D:7      | Killed Dowan
  6370 | D:8      | Reached skill level 5 in Invocations
  6468 | D:8      | Reached XP level 10. HP: 81/88 MP: 13/13
  6733 | D:8      | Reached skill level 8 in Armour
  7074 | D:8      | Noticed a smoke demon
  7226 | D:8      | Reached **** piety under the Shining One
  7502 | D:9      | Noticed a tengu warrior
  7534 | D:9      | Killed a tengu warrior
  7535 | D:9      | Reached skill level 9 in Armour
  7849 | D:9      | Noticed a two-headed ogre
  7861 | D:9      | Killed a two-headed ogre
  7910 | D:9      | Noticed a two-headed ogre
  7932 | D:9      | Killed a two-headed ogre
  7933 | D:9      | Reached XP level 11. HP: 52/98 MP: 14/14
  8129 | D:9      | Noticed a centaur warrior
  8321 | D:9      | Reached skill level 10 in Maces & Flails
  8576 | D:9      | Found a staircase to the Lair.
  8643 | Lair:1   | Entered Level 1 of the Lair of Beasts
  8992 | D:9      | Reached skill level 10 in Armour
  9196 | D:9      | Noticed a death knight
  9221 | D:9      | Noticed a wizard
  9227 | D:9      | Killed a wizard
  9240 | D:9      | Killed a death knight
  9347 | D:9      | Noticed a centaur warrior
  9347 | D:9      | Noticed a boulder beetle
  9373 | D:9      | Noticed a centaur warrior
  9386 | D:9      | Killed a centaur warrior
  9450 | D:9      | Killed a boulder beetle
  9476 | D:9      | Killed a centaur warrior
  9606 | D:9      | Reached skill level 10 in Shields
  9606 | D:9      | Reached XP level 12. HP: 110/110 MP: 15/15
  9719 | D:10     | Entered Level 10 of the Dungeon
 10191 | D:10     | Reached skill level 11 in Armour
 10446 | D:10     | Reached ***** piety under the Shining One
 10468 | D:10     | Noticed Lodul
 10716 | D:9      | Noticed a two-headed ogre
 10726 | D:9      | Killed a two-headed ogre
 10730 | D:9      | Killed a centaur warrior
 10731 | D:9      | Reached skill level 1 in Evocations
 10809 | D:9      | Reached skill level 1 in Dodging
 12648 | Lair:2   | Identified the +9 broad axe of Defiance {antimagic, rElec
                  | rN+}
 12858 | Lair:2   | Noticed an eight-headed hydra
 12908 | Lair:2   | Killed an eight-headed hydra
 13310 | Lair:2   | Found a staircase to the Shoals.
 13691 | Lair:3   | Reached skill level 1 in Axes
 13697 | Lair:3   | Reached XP level 13. HP: 105/118 MP: 17/17
 14604 | Lair:3   | Found a staircase to the Snake Pit.
 14733 | Lair:4   | Reached skill level 12 in Armour
 14737 | Lair:4   | Noticed Sonja
 14757 | Lair:4   | Killed Sonja
 14971 | Lair:4   | Noticed Gyijocsou's ghost (journeyman GnEn)
 14981 | Lair:4   | Found a transporter.
 14995 | Lair:4   | Found a transporter.
 15288 | Lair:4   | Identified the +0 ring mail "Vovudghat" {rPois Will- Str+2}
 15630 | Lair:5   | Entered Level 5 of the Lair of Beasts
 15907 | Lair:5   | The Shining One protects you from harm!
 16429 | Lair:5   | Found a staircase to the Slime Pits.
 16429 | Lair:5   | Found a viscous altar of Jiyva.
 16522 | Lair:5   | Reached skill level 10 in Fighting
 16690 | Lair:5   | Found a runed translucent door.
 16785 | Lair:5   | Noticed Kirke
 16910 | Lair:5   | Killed Kirke
 17016 | Lair:5   | Reached XP level 14. HP: 129/129 MP: 6/19
 17121 | Lair:5   | Reached skill level 13 in Armour
 17970 | Lair:5   | Reached skill level 5 in Axes
 18381 | D:10     | Killed Lodul
 19320 | D:12     | Reached ****** piety under the Shining One
 19535 | D:12     | Noticed Nergalle
 19554 | D:12     | Killed Nergalle
 19822 | D:12     | Noticed Gastronok
 19848 | D:12     | Killed Gastronok
 19849 | D:12     | Reached skill level 14 in Armour
 19892 | D:12     | Noticed Urug
 19906 | D:12     | Killed Urug
 20020 | D:12     | Noticed Psyche
 20028 | D:12     | Killed Psyche
 20122 | D:12     | Found a staircase to the Orcish Mines.
 20517 | D:12     | Found Fouse's Book Boutique.
 20535 | D:12     | Noticed Nessos
 20544 | D:12     | Killed Nessos
 20811 | D:12     | Got the Folio of the Valley
 21080 | Orc:1    | Entered Level 1 of the Orcish Mines
 21080 | Orc:1    | Noticed Josephine
 21098 | D:12     | Killed Josephine
 21135 | Orc:1    | Found Nuocly's Book Shop.
 21135 | Orc:1    | Noticed a walking divine tome
 21135 | Orc:1    | Noticed a walking divine tome
 21387 | Orc:1    | Noticed Erolcha
 21396 | Orc:1    | Killed Erolcha
 21407 | Orc:1    | Reached skill level 10 in Invocations
 21639 | Orc:2    | Entered Level 2 of the Orcish Mines
 21671 | Orc:2    | Found a staircase to the Elven Halls.
 21709 | Orc:2    | Found Zop Hine's Book Shop.
 21972 | Orc:2    | Reached XP level 15. HP: 136/139 MP: 22/22
 22308 | Orc:2    | Paralysed by an orc sorcerer for 2 turns
 22481 | Orc:2    | Found Gocequfu's General Store.
 22481 | Orc:2    | Found Bumupp's Antique Armour Shop.
 22500 | Orc:2    | Found Vucuumum's Antique Armour Emporium.
 22500 | Orc:2    | Found Quexuovesch's Weapon Shop.
 22511 | Orc:2    | Bought a shiny plate armour for 650 gold pieces
 22511 | Orc:2    | Bought a faintly glowing helmet for 237 gold pieces
 22511 | Orc:2    | Identified the +4 helmet of Wixzuff {rElec rN+ Str-5 Dex+2}
                  | (You bought it in a shop on level 2 of the Orcish Mines)
 22865 | Orc:2    | Bought a runed scale mail for 252 gold pieces
 23132 | Snake:1  | Entered Level 1 of the Snake Pit
 23147 | Snake:1  | Found a runed translucent door.
 23148 | Snake:1  | Noticed Stirner's ghost (journeyman DrIE)
 23842 | Snake:1  | Reached skill level 1 in Throwing
 23963 | Snake:1  | Found Seoveuri's Superior Scales.
 24148 | Snake:1  | Reached skill level 5 in Evocations
 24556 | Snake:2  | Found Teg Poh's Assorted Antiques.
 24788 | Snake:2  | Noticed Frances
 25348 | Shoals:1 | Entered Level 1 of the Shoals
 25707 | Shoals:1 | Learned a level 1 spell: Apportation
 25796 | Shoals:1 | Reached skill level 1 in Translocations
 25831 | Shoals:1 | Identified the +0 leather armour of Arcadian Life {rF+
                  | Int+3}
 25834 | Shoals:1 | Identified the +3 long sword of Forgiveness {flame, *Slow
                  | rF+ rN++ rCorr}
 25900 | Shoals:1 | Noticed a kraken
 26192 | Shoals:1 | Killed a kraken
 26211 | Shoals:1 | Found a large runed translucent door.
 26211 | Shoals:1 | Found a large runed translucent door.
 26212 | Shoals:1 | Noticed diceflayer's ghost (journeyman DsGl)
 26297 | Shoals:2 | Identified the +9 hand axe of Perversion {antimagic, Will+
                  | SInv}
 26560 | Shoals:2 | Noticed Mlioglotl
 26566 | Shoals:2 | Reached XP level 16. HP: 95/148 MP: 3/23
 26591 | Shoals:2 | Killed Mlioglotl
 27435 | Shoals:3 | Reached skill level 15 in Armour
 27637 | Shoals:3 | Noticed Polyphemus
 27911 | Shoals:3 | Noticed Louise
 27927 | Abyss:2  | Found a corrupted altar of Lugonu.
 27927 | Abyss:2  | Cast into level 2 of the Abyss (Louise)
 27928 | Abyss:2  | Noticed a tentacled starspawn
 27986 | Abyss:2  | Killed a tentacled starspawn
 27991 | Abyss:2  | Identified a scroll of acquirement
 27991 | Abyss:2  | Acquired a manual of Evocations
 28369 | Abyss:3  | Noticed a tentacled starspawn
 28405 | Abyss:3  | Killed a tentacled starspawn
 28406 | Abyss:3  | Reached skill level 5 in Dodging
 28437 | Shoals:3 | Escaped the Abyss
 28475 | Shoals:3 | Killed Louise
 28553 | Shoals:2 | Identified the +6 spear of the People {heavy, rF- rC+ Dex+4
                  | SInv}
 28762 | Shoals:3 | Reached skill level 5 in Throwing
 28994 | Shoals:4 | Entered Level 4 of the Shoals
 29178 | Shoals:3 | Killed Polyphemus
 29535 | Shoals:4 | Noticed Mara
 29977 | D:13     | Found a transporter.
 29977 | D:13     | Noticed Farlane's ghost (journeyman HOMo)
 29982 | D:13     | Found a transporter.
 30054 | D:13     | Found a gate to the Vaults.
 31194 | D:14     | Found a hide-covered altar of Uskayaw.
 31222 | D:14     | Reached XP level 17. HP: 135/156 MP: 5/24
 31370 | D:14     | Reached skill level 16 in Armour
 31565 | D:14     | Identified the +0 leather armour "Trusted Companion"
                  | {Rampage rElec rPois rC+ Str-3}
 31661 | D:14     | Found a runed translucent gate.
 31661 | D:14     | Found a runed translucent gate.
 31661 | D:14     | Found a runed translucent gate.
 31667 | D:14     | Noticed diceflayer's ghost (journeyman DsFi)
 31826 | D:15     | Entered Level 15 of the Dungeon
 31923 | D:15     | Found a gate leading to a gauntlet.
 31938 | Gauntlet | Entered a Gauntlet
 31938 | Gauntlet | Found a transporter.
 31992 | Gauntlet | Found a transporter.
 31994 | Gauntlet | Found a transporter.
 32028 | Gauntlet | Found a transporter.
 32062 | Gauntlet | Found a transporter.
 32063 | Gauntlet | Found a transporter.
 32064 | Gauntlet | Found a transporter.
 32122 | Gauntlet | Found a transporter.
 32124 | Gauntlet | Identified the +0 pair of gloves of Laph {rF+ Stlth+}
 32131 | Gauntlet | Found a transporter.
 32145 | Gauntlet | Identified the +2 chain mail of the Lich-sworn {rF- Will+
                  | Str+4}
 32175 | Gauntlet | Got the Reference Book on Remoulded Obstruction
 32180 | Gauntlet | Got the Quarto of Left-Handed Secrets and Contamination
 32640 | D:15     | Reached skill level 10 in Evocations
 32980 | D:15     | Found a staircase to the Depths.
 34298 | Snake:2  | Killed Frances
 34492 | Snake:2  | Noticed Vashnia
 34541 | Snake:2  | Reached skill level 10 in Axes
 35149 | Snake:2  | Killed Vashnia
 35469 | Snake:2  | Noticed Aizul
 35492 | Snake:2  | Killed Aizul
 37732 | Snake:4  | Entered Level 4 of the Snake Pit
 37789 | Snake:3  | Reached XP level 18. HP: 160/167 MP: 26/26
 37980 | Snake:4  | Noticed Bai Suzhen
 39154 | Snake:4  | Noticed Roxanne
 40397 | Snake:4  | Killed Bai Suzhen
 42281 | Snake:4  | Got a serpentine rune of Zot
 42405 | Snake:4  | Killed Roxanne
 43031 | Lair:4   | Killed Gyijocsou's ghost
 43046 | Lair:4   | Identified the amulet "Visuer" {Spirit Str+3 Slay+3}
 43438 | Vaults:1 | Entered Level 1 of the Vaults
 44692 | Vaults:1 | Noticed Saint Roka
 44709 | Vaults:1 | Killed Saint Roka
 45329 | Vaults:2 | You fall into a shaft and drop 2 floors!
 45447 | Vaults:3 | Found Agriryipn's Assorted Antiques.
 45458 | Vaults:3 | Bought a potion of heal wounds for 155 gold pieces
 46073 | Vaults:3 | Noticed Donald
 46095 | Vaults:3 | Killed Donald
 46225 | Vaults:3 | Reached XP level 19. HP: 178/178 MP: 9/28
 46243 | Vaults:3 | Reached skill level 1 in Spellcasting
 46586 | Vaults:2 | Noticed Margery
 47220 | Vaults:3 | Reached skill level 17 in Armour
 47330 | Vaults:3 | Reached skill level 15 in Shields
 47339 | Vaults:3 | Identified the +3 tower shield of Piceguw {Drain Int+10
                  | Slay-2 Stlth+}
 47363 | Vaults:3 | Acquired 1104 gold pieces
 47466 | Vaults:3 | Paralysed by a sphinx for 2 turns
 48667 | Vaults:2 | Reached skill level 18 in Armour
 48835 | Vaults:2 | Found a staircase to the Crypt.
 48976 | Vaults:2 | Killed Margery
 49038 | Vaults:2 | Identified the +0 leather armour of Zin's Reproof {Str+3
                  | Int+6 Stlth-}
 49462 | Vaults:2 | Found the +27 heavy crossbow "Sniper" {heavy, Acc+∞ SInv}
 49488 | Vaults:2 | Reached XP level 20. HP: 186/186 MP: 9/29
 49496 | Vaults:2 | Got the Folio of Jinxing and Support
 50128 | Vaults:4 | Paralysed by a sphinx for 3 turns
 51698 | Vaults:4 | Reached skill level 15 in Evocations
 51828 | Vaults:4 | Identified the +6 chain mail "Hemaer" {rPois Regen+ Int-2}
 53327 | Shoals:4 | Killed Mara
 53391 | Shoals:4 | Got a barnacled rune of Zot
 53447 | Shoals:4 | Identified the +1 ring mail of the Kissing Gods {Contam
                  | Harm Rampage Dex+4}
 54084 | Elf:1    | Entered Level 1 of the Elven Halls
 54432 | Elf:1    | Found Rorreh's Jewellery Emporium.
 54440 | Elf:1    | Bought the ring of Ehaxeb {rF+ Str+6} for 600 gold pieces
 54590 | Elf:1    | Paralysed by an air elemental for 1 turns
 54779 | Elf:1    | Found Qaxzajue's Magic Scroll Shop.
 54784 | Elf:1    | Bought a scroll of fog for 44 gold pieces
 54784 | Elf:1    | Bought a scroll of teleportation for 33 gold pieces
 55010 | Elf:2    | Paralysed by an air elemental for 1 turns
 55193 | Elf:2    | Paralysed by an air elemental for 1 turns
 55252 | Elf:2    | Reached skill level 15 in Axes
 55608 | Elf:2    | Reached XP level 21. HP: 193/193 MP: 10/30
 56053 | Elf:2    | Found a huge runed translucent gate.
 56053 | Elf:2    | Found a huge runed translucent gate.
 56053 | Elf:2    | Found a huge runed translucent gate.
 56059 | Elf:2    | Found a huge runed translucent gate.
 56059 | Elf:2    | Found a huge runed translucent gate.
 56646 | Elf:3    | Entered Level 3 of the Elven Halls
 56717 | Elf:3    | Reached skill level 19 in Armour
 56970 | Elf:3    | Found Puci En Giyp's Jewellery Boutique.
 56970 | Elf:3    | Found Myipeg's Book Shoppe.
 56972 | Elf:3    | Found Duisk's Jewellery Boutique.
 57272 | Elf:3    | Found a portal to a secret trove of treasure.
 57350 | Elf:3    | Identified the ring of Juan {Fly rF+ Str+2 SInv}
 57503 | Elf:3    | Identified the +4 hand axe "Tormentor" {heavy, Dex+4}
 57666 | Elf:3    | Identified the +10 chain mail of Ocewoh {Fly rF+ Will-
                  | Int+4}
 57741 | Abyss:3  | Cast into level 3 of the Abyss (a deep elf sorcerer)
 57753 | Abyss:3  | Found a corrupted altar of Lugonu.
 57760 | Elf:3    | Escaped the Abyss
 58035 | Elf:3    | Identified the +1 chain mail "Komoni" {rN+}
 58036 | Elf:3    | Identified the amulet "Kurchaof" {Acrobat +Blink rC+}
 58505 | Elf:3    | Got the Precepts of Ill Luck
 58874 | Trove    | Entered a treasure trove
 58883 | Trove    | Identified the +4 barding of Dynnycukh {rPois Str+2 Stlth+}
 58901 | Trove    | Identified the ring of Joicoth {rN+ Str+4 Int+6}
 58918 | Trove    | Identified the +2 scale mail "Jorairap" {rPois rF++ rN++}
 59347 | Orc:2    | Bought a scroll of enchant armour for 120 gold pieces
 59347 | Orc:2    | Bought a +3 broad axe of flaming for 387 gold pieces
 59663 | Crypt:1  | Entered Level 1 of the Crypt
 59776 | Crypt:1  | Found a magical portal.
 59791 | WizLab   | Entered Cigotuvi's Fleshworks
 59967 | WizLab   | Paralysed by a floating eye for 3 turns
 60039 | WizLab   | Paralysed by a floating eye for 2 turns
 60046 | WizLab   | Paralysed by a floating eye for 4 turns
 60065 | WizLab   | Found the -2 hat of the Alchemist {rElec rPois rF+ rC+ rN+
                  | Will+ rMut rCorr}
 60177 | WizLab   | Got Cigotuvi's Compilation of Variation and the Dead
 60310 | WizLab   | Reached XP level 22. HP: 202/202 MP: 10/32
 60831 | Crypt:1  | Reached skill level 20 in Armour
 61840 | Crypt:2  | Reached skill level 5 in Spellcasting
 62076 | Crypt:2  | Reached skill level 15 in Fighting
 62205 | Crypt:2  | Identified the +1 leather armour "Wethrash" {rF- rC++ rCorr
                  | Str+3}
 62454 | Crypt:3  | Entered Level 3 of the Crypt
 62463 | Crypt:3  | Identified a +5 broad axe of holy wrath (a +3 broad axe of
                  | flaming blessed by the Shining One)
 62463 | Crypt:3  | Received a gift from the Shining One
 63016 | Crypt:3  | Found a staircase to the Tomb.
 63195 | Crypt:3  | Identified the staff of conjuration "Luneacs" {rCorr}
 63199 | Crypt:3  | Identified the +4 plate armour "Rafetek" {-Cast rN+ rCorr
                  | Str+8}
 63546 | Crypt:3  | Noticed a dread lich
 63557 | Crypt:3  | Killed a dread lich
 63914 | Crypt:3  | Noticed a curse toe
 63927 | Crypt:3  | Killed a curse toe
 64490 | Lair:1   | Acquired the +9 crystal plate armour "Ymuk" {Regen+ Str+3
                  | Slay-4 Stlth+}
 64660 | D:13     | Killed Farlane's ghost
 64755 | D:14     | Killed diceflayer's ghost
 64772 | D:14     | Identified the amulet of Bodily Harmony {Acrobat rC+ Str+3
                  | Int+2 Dex+4}
 64986 | Shoals:1 | Killed diceflayer's ghost
 64987 | Shoals:1 | Reached XP level 23. HP: 216/216 MP: 33/33
 64989 | Shoals:1 | Identified the +3 scale mail "Ceudwetz" {+Inv Str+3}
 65003 | Shoals:1 | Identified the ring of Insomnia {rElec rPois rN+ Str+2}
 65128 | Snake:1  | Killed Stirner's ghost
 65368 | Depths:1 | Entered Level 1 of the Depths
 65453 | Depths:1 | Reached skill level 21 in Armour
 65908 | Depths:1 | Found a one-way gate leading to the halls of Pandemonium.
 65912 | Depths:1 | Got the Precepts of Mortuary Doom
 66076 | Depths:1 | Found a gateway to Hell.
 66437 | Hell     | Entered the Vestibule of Hell
 66437 | Hell     | Noticed Geryon
 66455 | Hell     | Killed Geryon
 66494 | Hell     | Noticed Murray
 66530 | Hell     | Killed Murray
 66538 | Hell     | Found a gateway to the decaying netherworld of Tartarus.
 66695 | Hell     | Reached skill level 22 in Armour
 66730 | Hell     | Found a gateway to the freezing wastes of Cocytus.
 67036 | Hell     | Found a gateway to the ashen valley of Gehenna.
 67088 | Hell     | Found a gateway to the Iron City of Dis.
 67187 | Depths:2 | Noticed the Enchantress
 67198 | Depths:2 | Killed the Enchantress
 67442 | Depths:2 | Found Miceikk's General Store.
 67487 | Depths:2 | Identified the +5 glaive of Sloth {freeze, rF+ Dex+2}
 67679 | Depths:2 | Found an iron altar of Okawaru.
 68104 | Depths:2 | Found a one-way gate to the infinite horrors of the Abyss.
 68199 | Depths:2 | Noticed a dread lich
 68216 | Depths:2 | Killed a dread lich
 68515 | Depths:2 | Reached XP level 24. HP: 224/224 MP: 11/33
 68610 | Depths:3 | Reached skill level 10 in Dodging
 68705 | Depths:3 | Found Mept's Magic Scroll Emporium.
 68708 | Depths:3 | Bought a scroll of teleportation for 45 gold pieces
 68929 | Depths:3 | Reached skill level 23 in Armour
 69184 | Depths:3 | Noticed Parghit
 69840 | Depths:4 | Entered Level 4 of the Depths
 69862 | Depths:4 | Found a one-way gateway to a ziggurat.
 70141 | Depths:4 | Found a gate to the Realm of Zot.
 71862 | Vaults:5 | Entered Level 5 of the Vaults
 71883 | Vaults:5 | Noticed a dread lich
 71899 | Vaults:5 | Killed a dread lich
 72067 | Vaults:5 | Reached skill level 24 in Armour
 72183 | Vaults:5 | Reached skill level 15 in Invocations
 72285 | Vaults:5 | Got the Lessons on Undead Dislocation
 72295 | Vaults:5 | Identified the +3 dire flail of Equilibrium {freeze,
                  | Fragile rElec rF++ Stlth+}
 72307 | Vaults:5 | Got a silver rune of Zot
 72391 | Vaults:5 | Reached XP level 25. HP: 231/231 MP: 11/34
 72694 | Vaults:5 | Identified the +6 rapier of Biobuata {drain, Fly rN+ Str+6
                  | Stlth+}
 72892 | Vaults:5 | Identified the +4 morningstar of Gifait {vamp, Fragile
                  | rElec Int-3 SInv}
 73577 | Zot:1    | Entered Level 1 of the Realm of Zot
 75172 | Zot:2    | Identified the +9 halberd "Fuitunuh" {heavy, Fly}
 75535 | Zot:5    | Entered Level 5 of the Realm of Zot
 75959 | Zot:5    | Found a runed translucent gate.
 75959 | Zot:5    | Found a runed translucent gate.
 75959 | Zot:5    | Found an opulent altar of Gozag.
 75959 | Zot:5    | Found a runed translucent gate.
 75959 | Zot:5    | Found Tecoov's Assorted Antiques.
 75959 | Zot:5    | Noticed sobakacece's ghost (veteran DsVM)
 75963 | Zot:5    | Found Banylu's Assorted Antiques.
 76367 | Zot:5    | Noticed an ancient lich
 76392 | Zot:5    | Killed an ancient lich
 76787 | Zot:5    | Killed sobakacece's ghost
 76889 | Zot:5    | Bought a scroll of blinking for 337 gold pieces
 76889 | Zot:5    | Bought a potion of resistance for 450 gold pieces
 76889 | Zot:5    | Bought a pitted mace for 360 gold pieces
 76889 | Zot:5    | Identified the +3 mace "Eximm" {venom, Str+2} (You bought
                  | it in a shop on level 5 of the Realm of Zot)
 77322 | Zot:4    | Reached XP level 26. HP: 205/241 MP: 11/35
 77426 | Zot:5    | Noticed an orb of fire
 77442 | Zot:5    | Noticed a dread lich
 77447 | Zot:5    | Noticed an ancient lich
 77457 | Zot:5    | Killed a dread lich
 77460 | Zot:5    | Noticed an ancient lich
 77476 | Zot:5    | Gained mutation: You are vulnerable to cold. (rC-) [an orb
                  | of fire]
 77477 | Zot:5    | Killed an orb of fire
 77483 | Zot:5    | Killed an ancient lich
 77486 | Zot:5    | Killed an ancient lich
 77621 | Zot:5    | Noticed an ancient lich
 77622 | Zot:5    | Noticed an orb of fire
 77630 | Zot:5    | Killed an ancient lich
 77631 | Zot:5    | Reached skill level 25 in Armour
 77641 | Zot:5    | Noticed an ancient lich
 77646 | Zot:5    | Killed an orb of fire
 77651 | Zot:5    | Killed an ancient lich
 77654 | Zot:5    | Noticed an ancient lich
 77770 | Zot:5    | Killed an ancient lich
 77792 | Zot:5    | Noticed a dread lich
 77815 | Zot:4    | Killed a dread lich
 78229 | Zot:5    | Got the Orb of Zot
 78730 | D:$      | Escaped with the Orb!

Illustrated notes

Levels and vault maps discovered:
D:1:      tarquinn_simple_flora_water_d, layout_basic, basic_ecumenical_altar
D:2:      layout_loops_corners
D:3:      layout_rooms, kennysheep_pointless_box
D:4:      layout_loops_cross, dreamdust_gnoll_farm
D:5:      layout_rooms, nicolae_overflow_squiral
D:6:      minmay_diamond_boxcup, layout_gridville, minmay_temple_entry_ruins,
          serial_shops, shop
D:7:      layout_basic, uniq_pikel, uniq_duvessa
D:8:      layout_basic, special_room [special_room_kobold], enter_bailey_5
D:9:      nzn_winding_woodlands_large [nzn_winding_woodlands_5x5_closed_star,
          nzn_winding_woodlands_5x15_sawtooth, nzn_winding_woodlands_hourglass,
          nzn_winding_woodlands_center_diamonds,
          nzn_winding_woodlands_15x15_five_gardens,
          nzn_winding_woodlands_center_garden,
          nzn_winding_woodlands_5x5_perimeter, nzn_winding_woodlands_5x15_cabin,
          nzn_winding_woodlands_5x5_open_star], layout_cave_pools,
          david_lair_generic, minmay_misc_feat_room
D:10:     layout_stronghold, uniq_lodul
D:11:     minmay_mutant_horseshoe, layout_gridville, bh_circular_ruins
D:12:     layout_irregular_city, minmay_orc_entry_temple_small, serial_shops,
          shop, lightli_wizard_tower, uniq_gastronok, uniq_psyche, uniq_nessos,
          uniq_nergalle, uniq_urug
D:13:     layout_small_grid, david_vaults_2, gammafunk_ghost_hive
D:14:     layout_rooms, gammafunk_ghost_spectres, solitary_fountain,
          dancing_weapons_uskayaw
D:15:     hangedman_depths_entry_try_elsewhere_first, layout_loops_ring,
          gauntlet_entry_generic, serial_bayou_pond_a
Temple:   mainiacjoe_temple_big_plus
Lair:1:   layout_regular_city, portal_ice_cave_entry_pillars_2, ldierk_geyser
Lair:2:   layout_loops_ring, elwin_shoals_entry_rooms, grunt_megastairs_5,
          serial_bayou_shore_a, serial_bayou_shore_b
Lair:3:   layout_hall_layers, nicolae_snake_entry_squirm,
          chequers_serial_rivers_small_b, grunt_megastairs_3,
          serial_bayou_shore_b
Lair:4:   layout_gridlike, gammafunk_ghost_berserking_beasts,
          grunt_megastairs_4, infiniplex_staircase_pool, uniq_sonja
Lair:5:   hangedman_lair_caniforms_friends, layout_hall_layers, wormcave,
          slime_entry_1, uniq_kirke
Shoals:1: layout_shoals, ebering_ghost_disaster_area
Shoals:2: layout_shoals, uniq_mlioglotl
Shoals:3: layout_shoals, uniq_polyphemus, uniq_louise
Shoals:4: shoals_end_simple, layout_shoals, uniq_mara
Snake:1:  layout_grid_maze, ebering_ghost_inner_flame, serial_bayou_pond_e,
          hellmonk_scale_shop
Snake:2:  layout_grid_maze, serial_shops, shop, nicolae_snake_magic_snake_eye,
          uniq_frances, uniq_aizul, uniq_vashnia
Snake:3:  layout_basic, corexii_hall_statues_s
Snake:4:  minmay_snake_end_coiled, layout_layer_cave, uniq_roxanne,
          uniq_bai_suzhen
Orc:1:    layout_caves, basic_altar, serial_shops, nicolae_shop_mannequins,
          uniq_erolcha, uniq_josephine
Orc:2:    grunt_orc_tribal_feast, layout_caves, serial_shops,
          nicolae_book_shop_shelving
Elf:1:    eino_elf_arrival_shootout, layout_loops_corners, serial_shops, shop,
          nicolae_shop_just_a_little_nook, hangedman_corner_corridor
Elf:2:    elven_hall_of_blades_hangedman_alternative [mumra_blade_entry_dagger],
          layout_gridlike, minmay_the_grid_2x2 [minmay_the_grid_dragon_a,
          minmay_the_grid_small_cups, minmay_the_grid_minigrid_large,
          minmay_the_grid_prize_inner_circle]
Elf:3:    minmay_elf_hall_golems, layout_gridlike, enter_trove_5,
          minmay_shop_grove, grunt_megastairs_2
Vaults:1: nicolae_vaults_network_barrier, vaults_dpeg_diagonal, v_misc_27,
          vaults_room_hallway, nicolae_vaults_trapezoid_4, vaults_room_pools,
          nicolae_vaults_ring_of_whatevers, ontoclasm_vaults_gateway, v_misc_10,
          nicolae_vaults_tetromino_Z_1, nicolae_vaults_lightning_bolt,
          layout_vaults_ring, uniq_saint_roka
Vaults:2: minmay_guarded_unrand_secular_launcher, hangedman_vaults_stagger,
          nicolae_vaults_bisected_inception, minmay_crypt_entry_simple_plaza,
          v_misc_11, hangedman_vaults_corner_blocks,
          nicolae_vaults_tetromino_L_2, ontoclasm_vaults_pinch,
          hangedman_vaults_nodes, nicolae_vaults_offset_grid_hallway_3,
          ontoclasm_vaults_twist, v_misc_17, v_misc_22, vaults_room_pools,
          v_misc_3, layout_vaults_omnibox, uniq_margery
Vaults:3: nicolae_vaults_angled_halls, v_misc_33, hangedman_vaults_cutoff,
          nicolae_vaults_meeting, v_misc_9, nicolae_vaults_house_1,
          nicolae_vaults_two_Ls, nicolae_vaults_tetromino_L_1,
          nicolae_vaults_trapezoid_lopsided_1, v_pattern_5,
          nicolae_vaults_tetromino_T_1, layout_vaults_omnigrid, serial_shops,
          nicolae_shop_waterfront, uniq_donald
Vaults:4: ontoclasm_vaults_misaligned, vaults_room_grid,
          nicolae_vaults_stepped_doors, grunt_vaults_diagonal, st_diamondy,
          hangedman_vaults_restitches, hangedman_vaults_pinch,
          ontoclasm_vaults_ligature, nicolae_vaults_six-pack,
          layout_vaults_chaotic_city
Vaults:5: serial_shops
Crypt:1:  dreamdust_cat_pyramid, layout_catacombs, mu_enter_wizlab_6,
          minmay_misc_feat_pillars, st_stairs_14
Crypt:2:  layout_gridlike, lemuel_upstairs_altar, uniq_josephina
Crypt:3:  due_elkab, layout_chaotic_city, nicolae_tomb_entry_rubble_hallway,
          glass_columns_a
Depths:1: layout_cave_pools, pan_entry, grunt_hell_entry_demonic_statue,
          minmay_misc_feat_plants, minivault_16, hex_large, nicolae_titane
Depths:2: hellmonk_paralyzer, layout_basic, rand_demon_pan_entry_9,
          serial_shops, nicolae_shop_advertising_works
          [nicolae_subvault_shop_adworks], moated_statue,
          pf_dread_powers_of_hell, abyss_entry, minivault_16,
          kennysheep_okawaru_gauntlet, infiniplex_staircase_pool_2,
          uniq_enchantress
Depths:3: kennysheep_bubbly, layout_gridlike, abyss_entry,
          serial_sigils_hangedman_gnaw, hell_entry, serial_shops, shop_statue,
          grunt_ministairs_13, minmay_staircase_statues, uniq_parghit
Depths:4: grunt_zot_entry_bicorn, layout_gridlike, enter_ziggurat_d,
          grunt_hell_entry_dis_grunt, dk_noncrumbling_2, serial_bayou_shore_b
Hell
Zot:1:    layout_gridlike
Zot:2:    layout_onion_interference, nrook_zot_tub
Zot:3:    layout_gridlike, lemuel_golem_globe
Zot:4:    kennysheep_spiral_hall, layout_twisted_circle
Zot:5:    layout_onion, ebering_ghost_gozag

Skill      XL: |  1  2  3  4  5  6  7  8  9 10 11 12 13 14 15 16 17 18 19 20 21 22 23 24 25 26 |
---------------+-------------------------------------------------------------------------------+-----
Maces & Flails | 2 3 4 5 6 8 9 11 12 | 12.0
Fighting       | 3 4 5 6 7 8 9 10 11 12 13 14 16 17 | 17.5
Armour         | 4 5 6 7 9 10 11 12 14 15 16 18 19 20 22 24 25 | 25.5
Shields        | 4 5 6 7 8 10 11 12 13 14 15 16 17 19 21 | 21.0
Invocations    | 1 2 3 4 5 6 7 10 11 12 14 15 16 | 16.0
Evocations     | 4 6 8 11 13 14 15 | 15.0
Dodging        | 2 3 4 5 6 9 10 | 10.0
Axes           | 1 4 6 8 9 10 11 13 15 16 17 19 20 | 20.4
Throwing       | 3 6 8 |  8.0
Translocations | 3 4 |  4.0
Spellcasting   | 2 3 5 |  5.0

Action                     |  1- 3 |  4- 6 |  7- 9 | 10-12 | 13-15 | 16-18 | 19-21 | 22-24 | 25-27 || total
---------------------------+-------+-------+-------+-------+-------+-------+-------+-------+-------++-------
  Melee: Flail             |    85 |    64 |    53 |       |       |       |       |       |       ||   202
         Tailslap          |     9 |     5 |    35 |   106 |   339 |   659 |   471 |   738 |   404 ||  2766
         Whip              |       |       |   189 |   594 |   922 |   875 |       |       |       ||  2580
         Broad axe         |       |       |       |       |   481 |  1372 |  1902 |  2474 |  1340 ||  7569
  Throw: Dart              |       |       |       |       |     6 |     1 |       |       |       ||     7
         Throwing net      |       |       |       |       |       |     2 |     1 |       |       ||     3
         Boomerang         |       |       |       |       |       |       |       |    15 |       ||    15
   Cast: Apportation       |       |       |       |       |       |       |       |     5 |     1 ||     6
 Invoke: Divine Shield     |       |     1 |     1 |     4 |     7 |    11 |     6 |     4 |     1 ||    35
         Cleansing Flame   |       |       |       |       |     2 |     1 |     1 |     3 |     2 ||     9
         Summon Divine War |       |       |       |       |       |       |     5 |     7 |     2 ||    14
         Brand Weapon With |       |       |       |       |       |       |       |     1 |       ||     1
  Evoke: Wand              |       |       |       |     1 |       |     4 |       |     2 |     6 ||    13
         Box of beasts     |       |       |       |       |       |     2 |       |       |       ||     2
         Phial of floods   |       |       |       |       |       |     1 |       |       |       ||     1
    Use: Potion            |       |     1 |       |     4 |     2 |     6 |     3 |     3 |     4 ||    23
         Scroll            |       |       |     7 |     8 |    13 |     9 |     4 |    14 |    10 ||    65
 Armour: Scale mail        |    27 |       |       |       |   180 |   703 |    88 |       |       ||   998
         Chain mail        |     7 |    20 |    67 |   112 |   237 |       |   304 |   206 |       ||   953
         Plate armour      |       |       |       |       |       |       |   247 |       |       ||   247
         Crystal plate arm |       |       |       |       |       |       |       |   696 |   536 ||  1232
  Dodge: Dodged            |    17 |    19 |    44 |    61 |   318 |   575 |   404 |   475 |   257 ||  2170
  Block: Buckler           |    35 |    31 |    78 |    50 |       |       |       |       |       ||   194
         Reflection        |       |     4 |     3 |    24 |    77 |   189 |    61 |    36 |    38 ||   432
         Kite shield       |       |       |       |   255 |  1029 |  1929 |  1401 |  2005 |  1121 ||  7740
